 Dungeon Crawl Stone Soup version 0.31-a0-187-gba352fbbf7 (webtiles) character file.

Game seed: 697655120351769153

160 qw the Skirmisher (level 5, -3/29 HPs)
             Began as a Deep Elf Hunter on June 22, 2023.
             Was an Initiate of Okawaru.
             Slain by a black bear (4 damage)
             ... on level 4 of the Dungeon.
             The game lasted 00:00:58 (2294 turns).

qw the Skirmisher (Deep Elf Hunter)                 Turns: 2294, Time: 00:00:59

Health: -3/29      AC:  6    Str: 10    XL:     5   Next: 17%
Magic:  7/7        EV: 11    Int: 14    God:    Okawaru [......]
Gold:   200        SH:  0    Dex: 21    Spells: 4/4 levels left

rFire   . . .        Y - +0 shortbow (freeze)
rCold   + . .        (shield currently unavailable)
rNeg    . . .        h - +1 ring mail of Zoal {+Inv Dex+3 SInv Stlth-}
rPois   .            (no helmet)
rElec   .            (no cloak)
rCorr   .            (no gloves)
SInv    +            (no boots)
Will    .....        (no amulet) Stlth
                     e - ring of protection from cold
HPRegen 0.24/turn    (no ring)
MPRegen 0.10/turn

%: no passive effects
@: no status effects
A: no striking features
a: Renounce Religion, Evoke Invisibility


You were on level 4 of the Dungeon.
You worshipped Okawaru.
Okawaru was noncommittal.
You visited 2 branches of the dungeon, and saw 5 of its levels.

You collected 245 gold pieces.
You spent 45 gold pieces at shops.


   Skills:
 - Level 1.5 Fighting
 + Level 8.6 Ranged Weapons
 - Level 2.4 Dodging
 - Level 1.2 Stealth


You had 4 spell levels left.
You didn't know any spells.
Your spell library was empty.

Inventory:

Hand Weapons
 Y - a +0 shortbow of freezing (weapon)
Armour
 b - a +0 helmet
 h - the +1 ring mail of Zoal (worn) {+Inv Dex+3 SInv Stlth-}
   (You found it on level 2 of the Dungeon)

   Dex:       It affects your dexterity (+3).
   SInv:      It lets you see invisible.
   +Inv:      It lets you turn invisible.
   Stlth:     It makes you less stealthy.
Jewellery
 e - a ring of protection from cold (left hand)
 m - a ring of fire
Scrolls
 a - a scroll of teleportation
 d - a scroll of identify
Potions
 f - a potion of might
 g - a potion of mutation {unknown}
 i - a potion of heal wounds {unknown}
 k - a potion of invisibility {unknown}

Dungeon Overview and Level Annotations

Branches:
Dungeon (4/15)             Temple (1/1) D:4

Altars:
Ashenzari
Cheibriados
Dithmenos
Elyvilon
Fedhas
Hepliaklqana
Makhleb
Nemelex Xobeh
Okawaru
Ru
Wu Jian
Xom
Zin

Shops:
D:3 :   D:4 [


Message History

You shoot an arrow. The arrow barely misses the black bear.
The kobold shouts!
You shoot an arrow. The arrow hits the black bear.
The arrow freezes the black bear.
The black bear is heavily wounded.
The black bear barely misses you.
The black bear claws you but does no damage.
The black bear claws you.
You shoot an arrow. The arrow barely misses the black bear.
The arrow misses the kobold.
The black bear bites you! The black bear barely misses you.
The black bear claws you.
You shoot an arrow. The arrow hits the black bear.
The arrow freezes the black bear.
The black bear is severely wounded.
The black bear bites you. The black bear claws you.
The black bear claws you but does no damage.
You shoot an arrow. The arrow barely misses the black bear.
The arrow misses the kobold.
The black bear closely misses you.
The black bear claws you but does no damage. x2
You shoot an arrow. The arrow barely misses the black bear.
The arrow hits the kobold.
The arrow freezes the kobold.
The kobold is severely wounded.
The black bear bites you but does no damage.
The black bear closely misses you. The black bear claws you.
You shoot an arrow. The arrow hits the black bear.
The arrow freezes the black bear.
The black bear is almost dead.
The black bear goes berserk!
You shoot an arrow.
The arrow closely misses the black bear.
The arrow hits the kobold.
The arrow freezes the kobold.
You kill the kobold!
Okawaru accepts your kill. The black bear bites you!
The black bear closely misses you. x2
The black bear barely misses you.
The black bear claws you but does no damage.
The black bear claws you.
You die...

#. ... #. #.#### #####
#. #.##.. ...# #. #.##.#
##.## ## #.##.#
####...####
#.##.###..........
...####.............####
.....)h@.......#.#.## #
...####.##.#####....####
...##.# #........
###.##.# ##...####
#.##.#######.##
..##.........#
##############


You could see a black bear (berserk).

Vanquished Creatures
  6 adders
  4 gnolls (D:3)
  A dart slug (D:2)
  5 orcs (D:3)
  4 ball pythons
  7 endoplasms
  4 giant cockroaches
  7 hobgoblins
  9 kobolds
  3 quokkas
  2 bats
  A frilled lizard (D:2)
  4 goblins
  5 rats
62 creatures vanquished.

Notes
Turn   | Place    | Note
-------+----------+-------------------------------------------
     0 | D:1      | qw the Deep Elf Hunter began the quest for the Orb.
     0 | D:1      | Reached XP level 1. HP: 12/12 MP: 3/3
     0 | D:1      | 0 ||| qw: Version: 0.3-a-9-g12657ce
     0 | D:1      | 0 ||| qw: Game counter: 1965
     0 | D:1      | 0 ||| qw: Always use a shield: true
     0 | D:1      | 0 ||| qw: God list: Okawaru
     0 | D:1      | 0 ||| qw: Allow faded altars: false
     0 | D:1      | 0 ||| qw: Do Orc after D:15 true
     0 | D:1      | 0 ||| qw: Do second Lair branch before Depths: true
     0 | D:1      | 0 ||| qw: Lair rune preference: random
     0 | D:1      | 0 ||| qw: Plans: Normal
     0 | D:1      | 0 ||| PLANNING D:1-11
   113 | D:1      | Found a faded altar of an unknown god.
   115 | D:1      | Reached XP level 2. HP: 16/16 MP: 4/4
   243 | D:1      | Reached skill level 6 in Ranged Weapons
   609 | D:1      | 609 ||| READING scroll labelled MOAJOA IKHLIYH.
   610 | D:1      | 610 ||| READING scroll labelled VOATSE OF BAMU.
   611 | D:1      | 611 ||| READING scroll labelled HOER AXTAGG.
   612 | D:1      | 612 ||| READING scroll labelled CUEWOYNGOF.
   617 | D:1      | 617 ||| READING scroll labelled UDEFOY ZASMUEBB.
   618 | D:1      | 618 ||| READING scroll labelled FALAIN POVIULE.
   619 | D:1      | 619 ||| DROPPING scroll of butterflies.
   657 | D:2      | Identified the +0 ring mail of Snakes and Ladders {*Slow
                  | +Inv Int+2}
   661 | D:2      | Found a blossoming altar of Fedhas.
   759 | D:2      | Reached XP level 3. HP: 20/20 MP: 5/5
   852 | D:2      | Identified the +0 chain mail of a volcano {Str+6}
   883 | D:2      | Identified the +1 ring mail of Zoal {+Inv Dex+3 SInv
                  | Stlth-}
   922 | D:2      | Reached skill level 7 in Ranged Weapons
  1015 | D:2      | Identified the +1 robe of Soft Rains {rC+}
  1036 | D:2      | Reached XP level 4. HP: 25/25 MP: 6/6
  1137 | D:2      | 1137 ||| UPGRADING to +0 ring mail of Snakes and Ladders
                  | {*Slow +Inv Int+2}.
  1147 | D:2      | 1147 ||| DROPPING +0 leather armour.
  1148 | D:2      | 1148 ||| UPGRADING to +0 ring mail.
  1158 | D:2      | 1158 ||| DROPPING +0 ring mail of Snakes and Ladders {*Slow
                  | +Inv Int+2}.
  1159 | D:2      | 1159 ||| UPGRADING to +1 ring mail of Zoal {+Inv Dex+3 SInv
                  | Stlth-}.
  1169 | D:2      | 1169 ||| DROPPING +0 ring mail.
  1170 | D:2      | 1170 ||| UPGRADING to ring of protection from cold.
  1171 | D:2      | 1171 ||| READING scroll labelled CONLIY CAGIPIMP.
  1172 | D:2      | 1172 ||| READING scroll labelled CICZEX GOCOOR.
  1201 | D:3      | 1201 ||| STAIRDANCE
  1206 | D:2      | 1206 ||| FLEEEEING.
  1207 | D:2      | 1207 ||| FLEEEEING.
  1208 | D:2      | 1208 ||| FLEEEEING.
  1209 | D:2      | 1209 ||| FLEEEEING.
  1210 | D:2      | 1210 ||| FLEEEEING.
  1211 | D:2      | 1211 ||| FLEEEEING.
  1214 | D:2      | 1214 ||| FLEEEEING.
  1215 | D:2      | 1215 ||| FLEEEEING.
  1216 | D:2      | 1216 ||| FLEEEEING.
  1217 | D:2      | 1217 ||| FLEEEEING.
  1219 | D:2      | 1219 ||| STAIRDANCE
  1349 | D:3      | Found Irphakog's Book Shoppe.
  1533 | D:3      | 1533 ||| READING scroll of brand weapon.
  1533 | D:3      | 1533 ||| BRANDING +0 shortbow of draining.
  1594 | D:3      | 1594 ||| Stepping ~*~*~tactically~*~*~ (outnumbered).
  1605 | D:3      | 1605 ||| Stepping ~*~*~tactically~*~*~ (outnumbered).
  1608 | D:3      | Reached skill level 8 in Ranged Weapons
  1942 | D:3      | Reached XP level 5. HP: 29/29 MP: 7/7
  2031 | D:3      | 2031 ||| READING scroll labelled REUSMU GUKHUOS.
  2032 | D:3      | 2032 ||| READING scroll labelled PEVAUM REDUAVO.
  2033 | D:3      | 2033 ||| DRINKING 2 purple potions.
  2059 | D:3      | 2059 ||| DRINKING 2 fizzy black potions.
  2060 | D:3      | 2060 ||| READING 2 scrolls of identify.
  2060 | D:3      | 2060 ||| IDENTIFYING white potion
  2061 | D:3      | 2061 ||| DROPPING potion of lignification.
  2062 | D:3      | 2062 ||| DROPPING potion of ambrosia.
  2080 | D:4      | Found a hazy altar of Hepliaklqana.
  2178 | D:4      | Found a staircase to the Ecumenical Temple.
  2179 | D:4      | 2179 ||| PLANNING TEMPLE
  2183 | Temple   | Entered the Ecumenical Temple
  2185 | Temple   | 2185 ||| PLANNING OKAWARU WORSHIP
  2222 | Temple   | Became a worshipper of Warmaster Okawaru
  2223 | Temple   | 2223 ||| PLANNING D:1-11
  2234 | D:4      | Found Ewuiwy's Armour Boutique.
  2249 | D:4      | 2249 ||| BUYING +0 helmet (45 gold).
  2249 | D:4      | Bought a +0 helmet for 45 gold pieces
  2249 | D:4      | 2249 ||| SHOPLISTING quicksilver dragon scales (600 gold,
                  | have 200).
  2283 | D:4      | Noticed a black bear
  2294 | D:4      | HP: 1/29 [black bear (11)]
  2294 | D:4      | Slain by a black bear

Levels and vault maps discovered:
D:1:      roderic_chinese_lattice_arrival, layout_rooms, serial_forest,
          infiniplex_forest_clump_diagonal, infiniplex_forest_lined_corner,
          infiniplex_forest_end_2, infiniplex_forest_clump_small,
          infiniplex_forest_clump_tiny, infiniplex_forest_zigzag_2,
          infiniplex_forest_lined_1, dreamdust_ecumenical_altar_statues,
          chequers_serial_rivers_micro_a
D:2:      layout_loops_cross, basic_altar
D:3:      layout_loops_ring, serial_shops, nicolae_shop_advertising_works
          [nicolae_subvault_shop_adworks], minmay_fractal_squares_gapless_5
D:4:      layout_loops_ring, nicolae_hepliaklqana_hazy_memory,
          minmay_temple_entry_grid, serial_shops, nicolae_shop_waterfront,
          kennysheep_pointless_box, uniq_blork_the_orc
Temple:   nicolae_temple_ecumenical_triangle

Skill      XL: |  1  2  3  4 |
---------------+-------------+-----
Ranged Weapons | 6 7 8 |  8.6
Fighting       | |  1.5
Dodging        | |  2.4
Stealth        | |  1.2

Action                     |  1- 3 |  4- 6 || total
---------------------------+-------+-------++-------
   Fire: Shortbow          |    61 |    87 ||   148
    Use: Scroll            |     6 |     6 ||    12
         Potion            |       |     2 ||     2
 Armour: Leather armour    |     2 |       ||     2
         Ring mail         |       |    29 ||    29
  Dodge: Dodged            |     3 |    25 ||    28

Table legend:
 A = Non-vault XP
 B = Vault XP
 C = Vault XP percentage of total XP
 D = Non-vault monster count
 E = Vault monster count
 F = Vault count percentage of total count
                 A         B        C        D         E       F
            +---------+---------+-------+---------+---------+-------
      Total |     229 |       2 |   0.9 |      61 |       1 |   1.6
            +---------+---------+-------+---------+---------+-------
        D:1 |      24 |       0 |   0.0 |      15 |       0 |   0.0
        D:2 |      85 |       0 |   0.0 |      22 |       0 |   0.0
        D:3 |      87 |       2 |   2.2 |      18 |       1 |   5.3
        D:4 |      33 |       0 |   0.0 |       6 |       0 |   0.0
            +---------+---------+-------+---------+---------+-------
